 Dungeon Crawl Stone Soup version 0.30.1-4-g462c640d31 (webtiles) character file.

Game seed: 14060486998191565882

533 Bobit the Basher (level 7, -2/51 HPs)
             Began as a Gnoll Wanderer on Aug 27, 2023.
             Slain by a killer bee (3 damage)
             ... on level 4 of the Dungeon.
             The game lasted 00:08:03 (4413 turns).

Bobit the Basher (Gnoll Wanderer)                   Turns: 4413, Time: 00:08:05

Health: -2/51      AC:  8    Str: 15    XL:     7   Next: 24%
Magic:  0/19       EV: 11    Int:  8    God:
Gold:   256        SH:  5    Dex: 13    Spells: 9/10 levels left

rFire   + . .        y - staff of fire "Kotehunt" {+Blink rElec rF+ MP+9}
rCold   . . .        c - +0 buckler
rNeg    . . .        v - +0 troll leather armour
rPois   .            t - +1 helmet
rElec   +            (no cloak)
rCorr   .            o - +1 pair of gloves
SInv    .            (no boots)
Will    .....        h - amulet of guardian spirit
Stlth   +++          (no ring)
HPRegen 1.08/turn    (no ring)
MPRegen 0.16/turn

%: guardian spirit
@: brilliant, lethally poisoned (-2 -> -4), on blink cooldown
A: fangs 1, strong nose, distributed training
a: Evoke Blink


You were on level 4 of the Dungeon.
You visited 1 branch of the dungeon, and saw 4 of its levels.

You collected 256 gold pieces.

Inventory:

Hand Weapons
 a - a +2 mace
Armour
 c - a +0 buckler (worn)
 e - a +0 leather armour
 o - a +1 pair of gloves (worn)
 t - a +1 helmet (worn)
 u - a +0 scale mail
 v - a +0 troll leather armour (worn)
Magical Staves
 y - the staff of fire "Kotehunt" (weapon) {+Blink rElec rF+ MP+9}
   (You found it on level 4 of the Dungeon)

   [staff of fire]

   Base accuracy: +5 Base damage: 5 Base attack delay: 1.2 This weapon's minimum
   attack delay (0.6) is reached at skill level 12.
   rF:        It protects you from fire.
   rElec:     It insulates you from electricity.
   MP:        It affects your magic capacity (+9).
   +Blink:    It lets you blink.
   It falls into the 'Staves' category.
   It is a one-handed weapon.
Jewellery
 h - an amulet of guardian spirit (around neck)
 j - a ring of positive energy
 n - an amulet of magic regeneration
 r - a ring of see invisible
 z - a +6 ring of strength
Scrolls
 b - 2 scrolls of silence
 d - a scroll of fog
 f - a scroll of fear {unknown}
 i - 2 scrolls of amnesia {unknown}
 k - 2 scrolls of immolation {unknown}
 l - a scroll of enchant weapon {unknown}
 p - a scroll of identify {unknown}
 s - a scroll of vulnerability {unknown}
Potions
 g - a potion of curing {unknown}
 m - a potion of brilliance
 q - 2 potions of heal wounds {unknown}
 w - a potion of lignification {unknown}
 x - 3 potions of mutation {unknown}


   Skills:
 + Level 2.4 Fighting
 + Level 2.4 Short Blades
 + Level 2.4 Long Blades
 + Level 2.4 Axes
 + Level 8.9 Maces & Flails
 + Level 2.4 Polearms
 + Level 2.4 Staves
 + Level 2.4 Ranged Weapons
 + Level 3.6 Throwing
 + Level 2.4 Armour
 + Level 2.4 Dodging
 + Level 4.9 Stealth
 + Level 3.6 Shields
 + Level 5.2 Unarmed Combat
 + Level 2.4 Spellcasting
 + Level 2.0 Conjurations
 + Level 2.0 Hexes
 + Level 2.0 Summonings
 + Level 2.0 Necromancy
 + Level 2.0 Translocations
 + Level 2.0 Transmutations
 + Level 2.0 Fire Magic
 + Level 2.0 Ice Magic
 + Level 2.0 Air Magic
 + Level 2.0 Earth Magic
 + Level 2.0 Poison Magic
 + Level 2.7 Invocations
 + Level 2.4 Evocations


You had 9 spell levels left.
You knew the following spells:

 Your Spells              Type           Power      Damage    Failure   Level
a - Summon Small Mammal   Summ           24%        N/A       24%         1

Your spell library contained the following spells:

 Spells                   Type           Power      Damage    Failure   Level
 Apportation              Tloc           12%        N/A       24%         1
 Freeze                   Ice            24%        1d4       24%         1
 Necrotise                Necr           24%        1d5       24%         1
 Slow                     Hex            24%        N/A       24%         1
 Ensorcelled Hibernation  Hex/Ice        12%        N/A       36%         2
 Passwall                 Tmut/Erth      5%         N/A       36%         2
 Poisonous Vapours        Pois/Air       12%        N/A       36%         2
 Call Canine Familiar     Summ           6%         N/A       58%         3
 Confusing Touch          Hex            6%         N/A       58%         3
 Frozen Ramparts          Ice            12%        1d2       58%         3
 Hailstorm                Conj/Ice       6%         3d4       58%         3
 Mephitic Cloud           Conj/Pois/Air  6%         N/A       58%         3
 Portal Projectile        Hex/Tloc       12%        N/A       58%         3
 Swiftness                Air            6%         N/A       58%         3
 Vampiric Draining        Necr           6%         2d6       58%         3
 Leda's Liquefaction      Hex/Erth       3%         N/A       94%         4
 Freezing Cloud           Conj/Ice/Air   3%         6-21      100%        5


Dungeon Overview and Level Annotations

Branches:
Dungeon (4/15)             Temple (0/1) D:4

Altars:
Trog

Shops:
D:4 *

Annotations:
D:4 2 runed translucent doors


Innate Abilities, Weirdness & Mutations

You have very sharp teeth.
Your uncanny sense of smell can sniff out nearby items.
Your experience applies equally to all skills.


Message History

You barely miss the killer bee.
The killer bee is moderately wounded.
You feel sick. The killer bee stings you.
You are more poisoned.
The killer bee poisons you!
Your rat misses the killer bee. The killer bee closely misses you.
You block the orc's attack.
The killer bee attacks as you move away!
The killer bee stings you!
You feel sick.
Your rat closely misses the killer bee.
The killer bee barely misses you. The orc attacks as you move away!
The orc barely misses you.
The orc hits your rat with a +0 hand axe.
You feel sick.
Your rat misses the orc. The killer bee stings you.
* * * LOW HITPOINT WARNING * * *
You are more poisoned.
The killer bee poisons you! The orc attacks as you move away!
The orc closely misses you.
You feel very sick.
The killer bee stings you but does no damage.
Your magical contamination has completely faded away.
You feel very sick. The killer bee barely misses you.
You hit the killer bee.
The killer bee is heavily wounded.
You feel sick. The killer bee barely misses you.
Your rat closely misses the orc.
The killer bee stings you.
* * * LOW HITPOINT WARNING * * *
You are lethally poisoned!
The killer bee poisons you!
You blink.
* * * LOW HITPOINT WARNING * * *
You feel very sick.
Your rat bites the orc.
It was a potion of brilliance.
You feel clever all of a sudden.
* * * LOW HITPOINT WARNING * * *
You feel very sick. The killer bee stings you.
Your rat bites the orc but does no damage.
The killer bee stings you.
You die...

#.....................###
.##................####
..#<...............#
.)#................#
..#.<.....>........#
.##).......#.......#
...........#.......#
..#........##......##
..#.............@y.§#
..###.............#.#####
...#....######....o.....#
.......##....##.#.r.....#
.......#.####†#.#.......##
...###.#.#.#..#..........#
...###.#.##.#.†.##''##...#
...#...#..#######8..8##..#
...#...##...|# #8....8#..#


You could see a killer bee, an orc (ally target) and a friendly rat (summoned).

Vanquished Creatures
  A sky beast (D:4)
  Blork the orc (D:3)
  A hound (D:3)
  An iguana (D:3)
  4 orc wizards
  Robin (D:3)
  7 gnolls (D:4)
  3 adders
  2 worms
  3 dart slugs
  6 orcs
  7 ball pythons
  6 endoplasms
  3 giant cockroaches
  13 goblins
  16 hobgoblins
  7 jackals
  6 kobolds
  5 quokkas
  5 bats
  3 frilled lizards
  5 rats
106 creatures vanquished.

Notes
Turn   | Place    | Note
-------+----------+-------------------------------------------
     0 | D:1      | Bobit the Gnoll Wanderer began the quest for the Orb.
     0 | D:1      | Bobit set off with the following items: a +2 mace, a scroll
                  | of silence, a +0 buckler, a scroll of fog, a +0 leather
                  | armour.
     0 | D:1      | Reached XP level 1. HP: 13/13 MP: 1/1
   201 | D:1      | Reached XP level 2. HP: 19/19 MP: 2/2
  1047 | D:2      | Reached XP level 3. HP: 25/25 MP: 2/4
  1149 | D:2      | Reached skill level 1 in Invocations
  1347 | D:2      | Reached skill level 1 in Fighting
  1347 | D:2      | Reached skill level 1 in Short Blades
  1347 | D:2      | Reached skill level 1 in Long Blades
  1347 | D:2      | Reached skill level 1 in Axes
  1347 | D:2      | Reached skill level 1 in Polearms
  1347 | D:2      | Reached skill level 1 in Staves
  1347 | D:2      | Reached skill level 1 in Ranged Weapons
  1347 | D:2      | Reached skill level 1 in Armour
  1347 | D:2      | Reached skill level 1 in Dodging
  1347 | D:2      | Reached skill level 1 in Spellcasting
  1347 | D:2      | Reached skill level 1 in Evocations
  1955 | D:3      | Reached XP level 4. HP: 32/32 MP: 3/5
  2031 | D:3      | Found a faded altar of an unknown god.
  2125 | D:3      | Noticed Robin
  2255 | D:3      | Killed Robin
  2256 | D:3      | Reached skill level 1 in Conjurations
  2256 | D:3      | Reached skill level 1 in Hexes
  2256 | D:3      | Reached skill level 1 in Summonings
  2256 | D:3      | Reached skill level 1 in Necromancy
  2256 | D:3      | Reached skill level 1 in Translocations
  2256 | D:3      | Reached skill level 1 in Transmutations
  2256 | D:3      | Reached skill level 1 in Fire Magic
  2256 | D:3      | Reached skill level 1 in Ice Magic
  2256 | D:3      | Reached skill level 1 in Air Magic
  2256 | D:3      | Reached skill level 1 in Earth Magic
  2256 | D:3      | Reached skill level 1 in Poison Magic
  2964 | D:3      | Reached XP level 5. HP: 37/37 MP: 7/7
  3235 | D:4      | Noticed Blork the orc
  3263 | D:3      | Reached XP level 6. HP: 38/44 MP: 3/8
  3288 | D:3      | Reached skill level 5 in Unarmed Combat
  3358 | D:3      | Killed Blork the orc
  3527 | D:4      | Found Worhaz's Whimsical Warehouse.
  3672 | D:4      | Found a bloodstained altar of Trog.
  3691 | D:4      | Found a large runed translucent door.
  3691 | D:4      | Found a large runed translucent door.
  3701 | D:4      | Found a large runed translucent door.
  3701 | D:4      | Found a large runed translucent door.
  3746 | D:4      | Noticed a sky beast
  3764 | D:4      | Killed a sky beast
  3765 | D:4      | Reached XP level 7. HP: 51/51 MP: 10/10
  3766 | D:4      | Identified the staff of fire "Kotehunt" {+Blink rElec rF+
                  | MP+9}
  4082 | D:4      | Found a staircase to the Ecumenical Temple.
  4231 | D:4      | Noticed a wyvern
  4249 | D:4      | HP: 2/51 [wyvern (6)]
  4299 | D:4      | Learned a level 1 spell: Summon Small Mammal
  4413 | D:4      | HP: 1/51 [poisoned by a killer bee]
  4413 | D:4      | Slain by a killer bee

Illustrated notes

Levels and vault maps discovered:
D:1:      roderic_chinese_lattice_arrival, layout_basic, serial_park_tiny_2
D:2:      layout_basic, dk_noncrumbling_3, minmay_pentomino_w2
D:3:      minmay_diamond_boxcup, layout_basic,
          shapermc_ecumenical_altar_pompeii, roderic_lattice_a, uniq_robin
D:4:      layout_rooms, trog_book, minmay_temple_entry_overgrown,
          nicolae_alphabet_shops, minmay_hollow_rounded_squares,
          uniq_blork_the_orc

Skill      XL: |  1  2  3  4  5  6  7 |
---------------+----------------------+-----
Invocations    | 1 2 |  2.7
Fighting       | 1 2 |  2.4
Short Blades   | 1 2 |  2.4
Long Blades    | 1 2 |  2.4
Axes           | 1 2 |  2.4
Polearms       | 1 2 |  2.4
Staves         | 1 2 |  2.4
Ranged Weapons | 1 2 |  2.4
Armour         | 1 2 |  2.4
Dodging        | 1 2 |  2.4
Spellcasting   | 1 2 |  2.4
Evocations     | 1 2 |  2.4
Conjurations   | 1 2 |  2.0
Hexes          | 1 2 |  2.0
Summonings     | 1 2 |  2.0
Necromancy     | 1 2 |  2.0
Translocations | 1 2 |  2.0
Transmutations | 1 2 |  2.0
Fire Magic     | 1 2 |  2.0
Ice Magic      | 1 2 |  2.0
Air Magic      | 1 2 |  2.0
Earth Magic    | 1 2 |  2.0
Poison Magic   | 1 2 |  2.0
Throwing       | 3 |  3.6
Shields        | 3 |  3.6
Unarmed Combat | 5 |  5.2
Maces & Flails | |  8.9
Stealth        | |  4.9

Action                     |  1- 3 |  4- 6 |  7- 9 || total
---------------------------+-------+-------+-------++-------
  Melee: Mace              |    91 |   208 |       ||   299
         Bite              |     4 |    21 |    13 ||    38
         Staff             |       |       |    93 ||    93
   Cast: Summon Small Mamm |       |       |     1 ||     1
Ability: Evoke Blink       |       |       |     1 ||     1
    Use: Potion            |       |       |     1 ||     1
   Stab: Sleeping          |     8 |     3 |     3 ||    14
         Distracted        |     1 |     1 |       ||     2
 Armour: Leather armour    |    15 |    20 |       ||    35
         Scale mail        |       |     7 |       ||     7
         Troll leather arm |       |    77 |    25 ||   102
  Dodge: Dodged            |    27 |   138 |    70 ||   235
  Block: Buckler           |    16 |    58 |    25 ||    99
